 Dungeon Crawl Stone Soup version 0.30-a0-953-g5f1da4a474 (webtiles) character file.

Game seed: 2995737951678211594

72 NinjaNoafa the Changer (level 4, -1/28 HPs)
             Began as an Octopode Transmuter on Mar 28, 2023.
             Slain by an orc
             ... wielding a +0 dagger
              (4 damage)
             ... on level 3 of the Dungeon.
             The game lasted 00:02:54 (1479 turns).

NinjaNoafa the Changer (Octopode Transmuter)        Turns: 1479, Time: 00:02:54

Health: -1/28      AC:  1    Str:  9    XL:     4   Next: 25%
Magic:  8/8        EV: 13    Int: 17    God:
Gold:   75         SH:  0    Dex: 12    Spells: 6/9 levels left

rFire   . . .      SeeInvis .      - Unarmed
rCold   . . .      Faith    .    (no shield)
rNeg    . . .      Spirit   .    (helmet currently unavailable)
rPois   .          Reflect  .    l - amulet of magic regeneration
rElec   .          Rampage  .    k - ring of willpower
rCorr   .                        (no ring)
Will    +....                    (no ring)
Stlth   ++                       (no ring)
HPRegen 0.24/turn                (no ring)
MPRegen 0.51/turn                (no ring)
                                 (no ring)
                                 (no ring)

@: appendages, wereblooded
A: tentacle spike 3, almost no armour, amphibious, 8 rings, camouflage 1,
gelatinous body 1, (nimble swimmer 1), tentacles
a: End Transformation


You were on level 3 of the Dungeon.
One of your tentacles had grown a beastly spike.
You visited 1 branch of the dungeon, and saw 3 of its levels.

You collected 75 gold pieces.

Inventory:

Missiles
 e - 3 poisoned darts
Jewellery
 k - a ring of willpower (left tentacle)
 l - an amulet of magic regeneration (around mantle)
Scrolls
 b - 4 scrolls of noise {unknown}
 c - a scroll of magic mapping {unknown}
 d - 4 scrolls of identify {unknown}
 g - a scroll of brand weapon {unknown}
Potions
 a - a potion of lignification
 f - a potion of brilliance {unknown}
 i - a potion of magic {unknown}
 j - a potion of curing {unknown}


   Skills:
 - Level 1.0 Fighting
 - Level 2.0 Dodging
 - Level 3.0 Unarmed Combat
 + Level 3.2 Spellcasting
 + Level 3.3 Transmutations


You had 6 spell levels left.
You knew the following spells:

 Your Spells              Type           Power      Damage    Failure   Level
a - Beastly Appendage     Tmut           28%        N/A       4%          1
b - Wereblood             Tmut           14%        N/A       6%          2

Your spell library contained the following spells:

 Spells                   Type           Power      Damage    Failure   Level
 Spider Form              Tmut/Pois      8%         N/A       26%         3
 Ice Form                 Ice/Tmut       8%         N/A       65%         4


Dungeon Overview and Level Annotations

Branches:
Dungeon (3/15)

Altars:

Shops:
D:2 :


Innate Abilities, Weirdness & Mutations

One of your tentacles has grown a beastly spike.
You cannot wear most types of armour.
You are amphibious.
You can wear up to eight rings at the same time.
Your skin changes colour to match your surroundings (Stealth+).
Your rubbery body absorbs attacks. (AC +1, EV +1)
((You are camouflaged when in or above water. (Stealth+)))
You have tentacles for arms and can constrict up to eight enemies at once.


Message History

You hear a shout!
You hear a shout! x2
Casting: Beastly Appendage (safe; 4% risk of failure)
Confirm with . or Enter, or press ? or * to list all spells.
One of your tentacles grows a vicious spike.
An orc comes into view. It is wielding a +0 dagger.
Something hits you.
* * * LOW HITPOINT WARNING * * *
Casting: Beastly Appendage (safe; 4% risk of failure)
Confirm with . or Enter, or press ? or * to list all spells.
Your blood is infused with primal strength.
An orc comes into view. It is wielding a +0 club.
Something hits you.
* * * LOW HITPOINT WARNING * * *
You tentacle-slap the orc. Your grab misses the orc.
You pierce the orc.
You feel a bit better.
You kill the orc!
You hear a splash.
You tentacle-slap something. The orc barely misses you.
The orc hits you but does no damage.
You hear a splashing noise.
You tentacle-slap the orc. You grab the orc.
The orc is severely wounded.
You constrict the orc.
You feel a bit better.
You kill the orc!
The orc hits you with a +0 dagger.
* * * LOW HITPOINT WARNING * * *
Something hits you.
* * * LOW HITPOINT WARNING * * *
You closely miss the orc. You grab the orc. You constrict the orc.
The orc barely misses you. Something hits you.
* * * LOW HITPOINT WARNING * * *
You tentacle-slap the orc. Your grab misses the orc.
Your tentacle spike misses the orc.
The orc is moderately wounded.
You constrict the orc, but do no damage.
The orc hits you with a +0 club.
* * * LOW HITPOINT WARNING * * *
The orc hits you with a +0 dagger.
You die...

...... .....# .....# ...
≈≈...# #.# .≈≈≈.# #.#
###### ###...≈≈#. #.#
#...#.##{≈o...≈~. #.#
#...##.~≈@o~≈≈.# #.#
#...#.≈≈##.≈...# #.#
#.....### #≈#### ##.#
#...### ## ...## #...#
....####[..# <.
....'..'...# ...
....####...##########^..
....# #.##.............


You could see 2 orcs.

Vanquished Creatures
  2 adders (D:2)
  A dart slug (D:1)
  5 orcs (D:3)
  7 bats
  4 endoplasms
  4 giant cockroaches
  3 goblins
  3 hobgoblins
  A quokka (D:1)
  6 ball pythons
  3 frilled lizards (D:1)
  2 rats (D:1)
41 creatures vanquished.

Notes
Turn   | Place    | Note
-------+----------+-------------------------------------------
     0 | D:1      | NinjaNoafa the Octopode Transmuter began the quest for the
                  | Orb.
     0 | D:1      | Reached XP level 1. HP: 13/13 MP: 3/3
   176 | D:1      | Reached XP level 2. HP: 14/18 MP: 3/5
   448 | D:1      | Reached XP level 3. HP: 23/23 MP: 4/6
   526 | D:1      | Found a faded altar of an unknown god.
   983 | D:2      | Learned a level 2 spell: Wereblood
  1089 | D:2      | Found Cegu's Book Shoppe.
  1327 | D:2      | Reached XP level 4. HP: 25/28 MP: 1/8
  1479 | D:3      | Slain by an orc

Illustrated notes

Levels and vault maps discovered:
D:1:      matt_arrival_refuge, layout_loops_ring,
          shapermc_ecumenical_altar_acropolis, serial_forest,
          infiniplex_forest_3_way, infiniplex_forest_clump_curved,
          infiniplex_forest_straight_3, infiniplex_forest_clump_tiny,
          infiniplex_forest_clump_long, infiniplex_forest_split,
          infiniplex_forest_clump_small
D:2:      layout_rooms, serial_shops, nicolae_shop_advertising_works
          [nicolae_subvault_shop_adworks], minmay_misc_feat_iff,
          minmay_split_cup_small
D:3:      layout_basic, minmay_misc_feat_x, minmay_misc_feat_tiny,
          chequers_serial_rivers_small_b

Skill      XL: |  1  2  3 |
---------------+----------+-----
Transmutations | 3 |  3.3
Spellcasting   | 3 |  3.2
Fighting       | |  1.0
Dodging        | |  2.0
Unarmed Combat | |  3.0

Action                     |  1- 3 |  4- 6 || total
---------------------------+-------+-------++-------
  Melee: Unarmed           |    76 |    19 ||    95
         Tentacles         |    20 |     3 ||    23
         Kick              |    24 |     8 ||    32
         Constrict         |    19 |     6 ||    25
         Punch             |     2 |       ||     2
   Cast: Beastly Appendage |    19 |     3 ||    22
         Wereblood         |     7 |     3 ||    10
   Stab: Sleeping          |     7 |       ||     7
 Armour: Skin              |    13 |     2 ||    15
  Dodge: Dodged            |    55 |    11 ||    66

Table legend: (Time is in decaauts)
 A = Elapsed time spent in this place.
 B = Non-inter-level travel time spent in this place.
 C = Inter-level travel time spent in this place.
 D = Time resting spent in this place.
 E = Time spent auto-exploring this place.
 F = Levels seen in this place.
 G = Mean time per level.
                   A        B        C        D        E       F      G
               +--------+--------+--------+--------+--------+-----+--------+
         Total |   1474 |   1377 |     97 |      0 |   1050 |   3 |  491.3 |
       Dungeon |   1474 |   1377 |     97 |      0 |   1050 |   3 |  491.3 |
               +--------+--------+--------+--------+--------+-----+--------+

Top non-repeatable levels by time:
     D:1: 943 daAuts
     D:2: 427 daAuts
     D:3: 103 daAuts
